Selects Advanced Infantry Battlegroup
Construct Medical Station
Construct Medical Station
Selects Convert to Ranger Squad
Construct Weapon Support Center
M3 Armored Personnel Carrier
Improved M9 Bazooka Rockets
Selects Frontline Medical Station
Selects Ranger Weapon Training
M4(105) Sherman Bulldozer
Selects Ammunition Storage
Selects M2A1 105mm Howitzer Emplacement
Selects 155mm Rapid Artillery Barrage
155mm Rapid Artillery Barrage